 Dungeon Crawl Stone Soup version 0.24.1-8-ga250c9d538 (webtiles) character file.

Game seed: 2884211873580934086, levelgen mode: deterministic

12 Krapule the Vandal (level 2, 0/19 HPs)
             Began as a Halfling Hunter on May 3, 2020.
             Slain by a hobgoblin (4 damage)
             ... on level 2 of the Dungeon.
             The game lasted 00:02:17 (320 turns).

Krapule the Vandal (Halfling Hunter)                 Turns: 320, Time: 00:02:18

Health: 0/19       AC:  5    Str: 13    XL:     2   Next: 45%
Magic:  2/2        EV: 14    Int:  9    God:
Gold:   36         SH:  0    Dex: 14    Spells: 1/1 levels left

rFire    . . .     SeeInvis .   b - +0 short sword
rCold    . . .     Gourm    .   (shield restricted)
rNeg     . . .     Faith    .   c - +0 leather armour
rPois    .         Spirit   .   (no helmet)
rElec    .         Reflect  .   (no cloak)
rCorr    .         Harm     .   (no gloves)
MR       .....                  (no boots)
Stlth    ++........             (no amulet)
HPRegen  0.06/turn              e - +2 ring of protection
MPRegen  0.08/turn              (no ring)

@: no status effects
A: small, mutation resistance 1
a: no special abilities


You were on level 2 of the Dungeon.
You were not hungry.

You visited 1 branch of the dungeon, and saw 2 of its levels.

You collected 36 gold pieces.

Inventory:

Hand Weapons
 a - a +1 hunting sling
 b - a +0 short sword (weapon)
Missiles
 d - 20 sling bullets
 i - 2 stones (quivered)
Armour
 c - a +0 leather armour (worn)
Jewellery
 e - a +2 ring of protection (left hand)
Scrolls
 k - a scroll of fear {unknown}
 l - a scroll of enchant weapon {unknown}
Potions
 g - a potion of degeneration {unknown}
 j - a potion of curing {unknown}
Comestibles
 f - 3 rations
 h - 2 chunks of flesh


   Skills:
 + Level 2.0 Fighting
 + Level 0.5 Short Blades
 + Level 6.0 Slings
 + Level 0.5 Armour
 + Level 2.3 Dodging
 + Level 1.4 Stealth


You had one spell level left.
You didn't know any spells.
Your spell library was empty.

Dungeon Overview and Level Annotations

Branches:
Dungeon (1/15)

Altars:


Innate Abilities, Weirdness & Mutations

You are small and have problems with some larger weapons.
You are somewhat resistant to further mutation.


Message History

The hobgoblin is moderately wounded.
The hobgoblin closely misses you.
You barely miss the hobgoblin.
The hobgoblin is moderately wounded.
The hobgoblin misses you.
The hobgoblin hits you but does no damage.
You closely miss the hobgoblin.
The hobgoblin is moderately wounded.
The hobgoblin barely misses you. The hobgoblin completely misses you.
The hobgoblin hits you.
* * * LOW HITPOINT WARNING * * *
You barely miss the hobgoblin.
The hobgoblin is moderately wounded.
The hobgoblin misses you.
The hobgoblin hits you but does no damage.
You hit the hobgoblin.
You kill the hobgoblin!
Your Fighting skill increases to level 2!
The hobgoblin hits you.
You die...

.. #.# ...###########.###
####
..........#......####...
..........#.............
..........#.............
..........#.............
#.......#.............
#.....g(#.............
#....@c.(......#......
#####+#........#......
#...(....#........
#........#.#...... #####
#.g##......#......
......##..##......#......
..................# ..
..........##......# . ...
......###g##....... ...


You could see a centaur and a hobgoblin.

Vanquished Creatures
  A ball python (D:2)
  2 goblins (D:1)
  A hobgoblin (D:2)
  3 kobolds (D:1)
  2 bats
  A rat (D:1)
10 creatures vanquished.

Notes
Turn   | Place    | Note
-------+----------+-------------------------------------------
     0 | D:1      | Krapule the Halfling Hunter began the quest for the Orb.
     0 | D:1      | Reached XP level 1. HP: 14/14 MP: 1/1
   161 | D:1      | Reached XP level 2. HP: 18/19 MP: 2/2
   171 | D:1      | Reached skill level 6 in Slings
   229 | D:1      | You fall into a shaft and drop 1 floor!
   305 | D:2      | Noticed a centaur
   320 | D:2      | Slain by a hobgoblin

Levels and vault maps discovered:
D:1:      psy_arrival_conway, layout_basic, minmay_tetromino_l2
D:2:      layout_basic, minmay_strange_pillars

Skill      XL: |  1  2 |
---------------+-------+-----
Slings         | 6 |  6.0
Fighting       | 2 |  2.0
Short Blades   | |  0.5
Armour         | |  0.5
Dodging        | |  2.3
Stealth        | |  1.4

Action                   || total
-------------------------++-------
Melee: Short sword       ||    31
 Fire: Hunting sling     ||     3
Armor: Leather armour    ||    11
Dodge: Dodged            ||    31
